 Dungeon Crawl Stone Soup version 0.30.1-11-g7821555f0a (webtiles) character file.

Game seed: 16459848577775824994

9 porpoise the Vexing (level 2, 0/16 HPs)
             Began as a Deep Elf Hexslinger on Dec 6, 2023.
             Slain by a kobold
             ... wielding a +0 dagger
              (3 damage)
             ... on level 1 of the Dungeon.
             The game lasted 00:01:51 (264 turns).

porpoise the Vexing (Deep Elf Hexslinger)            Turns: 264, Time: 00:01:52

Health: 0/16       AC:  2    Str:  7    XL:     2   Next: 3%
Magic:  6/6        EV: 12    Int: 17    God:
Gold:   46         SH:  0    Dex: 15    Spells: 3/4 levels left

rFire   . . .        a - +1 sling
rCold   . . .        (no shield)
rNeg    . . .        c - +0 robe
rPois   .            (no helmet)
rElec   .            (no cloak)
rCorr   +            (no gloves)
SInv    .            (no boots)
Will    .....        (no amulet)
Stlth   ++           f - ring of resist corrosion
HPRegen 0.22/turn    (no ring)
MPRegen 0.10/turn

%: no passive effects
@: no status effects
A: no striking features
a: no special abilities


You were on level 1 of the Dungeon.
You visited 1 branch of the dungeon, and saw 1 of its levels.

You collected 46 gold pieces.

Inventory:

Hand Weapons
 a - a +1 sling (weapon)
 b - a +1 dagger of electrocution
Armour
 c - a +0 robe (worn)
Jewellery
 f - a ring of resist corrosion (left hand)
Scrolls
 e - 2 scrolls of poison
Potions
 d - a potion of mutation {unknown}


   Skills:
 - Level 0.7 Fighting
 * Level 3.3 Ranged Weapons
 + Level 2.6 Dodging
 + Level 1.0 Stealth
 - Level 1.5 Spellcasting
 - Level 4.0 Hexes


You had 3 spell levels left.
You knew the following spells:

 Your Spells              Type           Power      Damage    Failure   Level
a - Slow                  Hex            56%        N/A       4%          1

Your spell library contained the following spells:

 Spells                   Type           Power      Damage    Failure   Level
 Inner Flame              Hex/Fire       8%         N/A       26%         3
 Portal Projectile        Hex/Tloc       16%        N/A       26%         3
 Cause Fear               Hex            7%         N/A       36%         4


Dungeon Overview and Level Annotations

Branches:
Dungeon (1/15)

Altars:

Shops:
D:1 !


Message History

You shoot a sling bullet. The sling bullet hits the goblin.
You kill the goblin!
Your Stealth skill increases to level 1!
You have reached level 2!
Okay, then.
Unknown command.
You see here a +0 dagger.
You now have 44 gold pieces (gained 12).
f - a ring of resist corrosion
f - a ring of resist corrosion (left hand)
You now have 46 gold pieces (gained 2).
You see here a +0 dagger.
Found a stone staircase leading down.
Found 4 stones.
A quokka comes into view.
A quokka is nearby!
Found 11 gold pieces.
A kobold comes into view. It is wielding a +0 dagger.
You shoot a sling bullet.
The sling bullet completely misses the kobold.
The kobold shouts!
The kobold closely misses you. The kobold hits you with a +0 dagger.
You shoot a sling bullet. The sling bullet hits the kobold.
The kobold is moderately wounded.
The kobold hits you with a +0 dagger.
You shoot a sling bullet.
The sling bullet hits the kobold but does no damage.
The kobold is moderately wounded.
The kobold hits you with a +0 dagger.
You shoot a sling bullet.
The sling bullet closely misses the kobold.
The kobold hits you with a +0 dagger.
You shoot a sling bullet. The sling bullet hits the kobold.
The kobold is moderately wounded.
The kobold closely misses you. The kobold hits you with a +0 dagger.
* * * LOW HITPOINT WARNING * * *
You shoot a sling bullet.
The sling bullet closely misses the kobold.
The kobold hits you with a +0 dagger.
You die...

#.# # #.####.. ..
#....... #$#
##..###..
.#.########....>...
. ..(.........####.
#####
############.#
......#.......# #.#
#.#@#####.# #.#
#.#K# #.####.#
#.#.. #......#
#.#### #####..# #
.#######.#####
#.............
####....######
#....# #....#


You could see a kobold.

Vanquished Creatures
  A dart slug (D:1)
  2 goblins (D:1)
  2 ball pythons (D:1)
  2 frilled lizards (D:1)
  A rat (D:1)
8 creatures vanquished.

Notes
Turn   | Place    | Note
-------+----------+-------------------------------------------
     0 | D:1      | porpoise the Deep Elf Hexslinger began the quest for the
                  | Orb.
     0 | D:1      | Reached XP level 1. HP: 11/11 MP: 5/5
    71 | D:1      | Found Bosacwip's Distillery.
   186 | D:1      | Reached skill level 1 in Stealth
   186 | D:1      | Reached XP level 2. HP: 16/16 MP: 6/6
   264 | D:1      | Slain by a kobold

Illustrated notes

Levels and vault maps discovered:
D:1:      dpeg_arrival_windows_large_door, layout_loops_ring, serial_shops,
          nicolae_shop_mannequins, shop, shop, serial_co_window_serial,
          co_window_paths_b, co_window_paths_b, co_window_paths_b,
          co_window_corner_a, co_window_of_opportunity_a, co_window_paths_a,
          co_window_paths_a, co_window_unsneaky_path_c, co_window_corner_b,
          co_window_of_opportunity_b, co_window_4corner_b, glass_columns_a,
          glass_columns_c, glass_columns_a, glass_columns_a, minmay_quantized

Skill      XL: |  1 |
---------------+----+-----
Ranged Weapons | 3 |  3.3
Stealth        | 1 |  1.0
Fighting       | |  0.7
Dodging        | |  2.6
Spellcasting   | |  1.5
Hexes          | |  4.0

Action                     || total
---------------------------++-------
   Fire: Sling             ||    23
 Armour: Robe              ||     3
  Dodge: Dodged            ||    10
